 Dungeon Crawl Stone Soup version 0.18.1-48-g4cf74bf (webtiles) character file.

242 torvon the Vexing (level 5, -4/26 HPs)
             Began as a Spriggan Arcane Marksman on Aug 12, 2016.
             Killed by divine providence
             ... invoked by an orc priest
              (16 damage)
             ... on level 3 of the Dungeon.
             The game lasted 00:20:49 (5827 turns).

torvon the Vexing (Spriggan Arcane Marksman)        Turns: 5827, Time: 00:20:50

Health: -4/26      AC:  3    Str:  7    XL:     5   Next: 82%
Magic:  9/10       EV: 20    Int: 14    God:
Gold:   148        SH:  0    Dex: 17    Spells: 2 memorised, 6 levels left

rFire  . . .     SeeInvis +     a - +0 shortbow
rCold  . . .     Gourm    .     b - +0 robe
rNeg   . . .     Faith    .     (shield currently unavailable)
rPois  .         Spirit   .     (helmet restricted)
rElec  .         Dismiss  .     v - +0 cloak
rCorr  .         Reflect  .     (gloves unavailable)
SustAt .         Harm     .     (boots unavailable)
MR     .....                    (no amulet)
Stlth  ++........               (no ring)
                                (no ring)

@: very quick, not resistant to hostile enchantments, unstealthy
A: unfitting armour, see invisible, herbivore 3, speed 3, slow metabolism 2
a: no special abilities


You were on level 3 of the Dungeon.
You were not hungry.

You visited 1 branch of the dungeon, and saw 3 of its levels.

You collected 148 gold pieces.

Inventory:

Hand Weapons
 a - a +0 shortbow (weapon)
 o - a +2 dagger of venom
 r - a +0 hunting sling
 y - a +0 blowgun
Missiles
 d - 22 arrows (quivered)
 q - 8 bolts
 u - 3 tomahawks
 w - 5 poisoned needles
Armour
 b - a +0 robe (worn)
 v - a +0 cloak (worn)
Jewellery
 h - an uncursed ring of positive energy {unknown}
 z - a cursed amulet of inaccuracy {unknown}
Scrolls
 e - a scroll of fear {unknown}
 g - a scroll of identify {unknown}
 k - a scroll of immolation {unknown}
 n - 4 scrolls of remove curse {unknown}
 s - 3 scrolls of noise {unknown}
Potions
 j - a potion of mutation {unknown}
 l - a potion of flight {unknown}
 m - a potion of resistance {unknown}
 p - a potion of berserk rage {unknown}
 t - 2 potions of cancellation {unknown}
 x - a potion of cure mutation {unknown}
 A - a potion of brilliance {unknown}
Books
 c - a book of Debilitation

   Spells                             Type                      Level
   a - Corona                         Hexes                        1
   b - Slow                           Hexes                        2
   c - Gell's Gravitas                Hexes/Translocation          3
   d - Inner Flame                    Hexes/Fire                   3
   e - Cause Fear                     Hexes                        4
   f - Leda's Liquefaction            Hexes/Earth                  4
Comestibles
 f - 3 bread rations
 i - a slice of pizza


   Skills:
 + Level 1.9 Fighting
 + Level 4.0 Bows
 + Level 4.6 Dodging
 + Level 3.0 Spellcasting
 + Level 5.1 Hexes


You had 6 spell levels left.
You knew the following spells:

 Your Spells              Type           Power        Failure   Level  Hunger
a - Corona                Hex            ###....      2%          1    #......
b - Inner Flame           Hex/Fire       #.......     24%         3    ###....


Dungeon Overview and Level Annotations

Branches:
Dungeon (3/15)

Altars:
Ashenzari


Innate Abilities, Weirdness & Mutations

You are tiny and cannot use many weapons and most armour.
You have supernaturally acute eyesight.
You are a herbivore.
You cover ground extremely quickly.
You need consume almost no food.


Message History

You shoot an arrow. The arrow barely misses the orc wizard.
The arrow closely misses the orc priest.
The arrow hits the orc.
The orc is heavily wounded.
Drop what? 27/52 slots (_ for help) (? for menu, Esc to quit)
Okay, then.
Unknown command.
Firing (i - inventory. (,) - cycle):
d - 24 arrows (quivered)
Press: ? - help, Shift-Dir - straight line, f/p - orc wizard
Aim: an orc wizard, wielding a vampiric dagger and wearing a robe (moderately wounded, inner flame)
You shoot an arrow. The arrow hits the orc wizard.
The orc wizard is heavily wounded.
Firing (i - inventory. (,) - cycle):
d - 23 arrows (quivered)
Press: ? - help, Shift-Dir - straight line, f/p - orc wizard
Aim: an orc wizard, wielding a vampiric dagger and wearing a robe (heavily wounded, inner flame)
You shoot an arrow. The arrow barely misses the orc wizard.
The orc priest calls down the wrath of Beogh upon you.
Beogh smites you!
Ouch! That really hurt!
You die...

#.###.###.#
#######.###..# .#
#.....#...##.##.#
######.###.###.##..#.#
...........# #.###.#.#
.#####.#####
#.###.#.###.# .# #.#
#...#.#.....# ######.#
###.#..#
.......#########@##.##
......##.oo...##.##..#
......##.####.##.###.#
......##.# #.##o# #.##
......##o# #.(o.# #..#
(.....##.# ###### ##.#
((.oo.oo.# #.#
.....o#### #.##
......# ##.#####


You could see an orc priest and an orc wizard (inner flame).

Vanquished Creatures
  4 gnolls (D:3)
  10 adders
  An ooze (D:1)
  3 worms
  4 dart slugs
  A giant gecko (D:3)
  2 orcs (D:3)
  13 hobgoblins
  14 jackals
  4 kobolds
  2 quokkas
  A ball python (D:1)
  9 bats
  2 giant newts
  10 goblins
  8 rats
88 creatures vanquished.

Notes
Turn   | Place    | Note
--------------------------------------------------------------
     0 | D:1      | torvon the Spriggan Arcane Marksman began the quest for the Orb.
     0 | D:1      | Reached XP level 1. HP: 9/9 MP: 3/3
   105 | D:1      | Reached skill level 1 in Fighting
   492 | D:1      | Reached XP level 2. HP: 4/14 MP: 3/5
  1481 | D:1      | Reached XP level 3. HP: 17/18 MP: 5/7
  1586 | D:1      | Reached skill level 4 in Hexes
  2439 | D:2      | Reached XP level 4. HP: 21/22 MP: 6/8
  2775 | D:2      | Found a shattered altar of Ashenzari.
  4131 | D:3      | Learned a level 3 spell: Inner Flame
  4306 | D:3      | Reached XP level 5. HP: 24/25 MP: 8/10
  4949 | D:3      | Reached skill level 5 in Hexes
  5827 | D:3      | Killed from afar by an orc priest

Skill      XL: |  1  2  3  4  5 |
---------------+----------------+-----
Fighting       | 1 |  1.9
Spellcasting   | 2 3 |  3.0
Hexes          | 4 5 |  5.1
Bows           | 3 4 |  4.0
Dodging        | 4 |  4.6

Action                   |  1- 3 |  4- 6 || total
-------------------------+-------+-------++-------
Melee: Dagger            |    99 |   134 ||   233
       Club              |     8 |       ||     8
       Long sword        |       |     1 ||     1
 Fire: Shortbow          |     9 |    32 ||    41
 Cast: Corona            |    30 |    34 ||    64
       Inner Flame       |       |     2 ||     2
 Stab: Sleeping          |     1 |       ||     1
  Eat: Bread ration      |       |     1 ||     1
Armor: Robe              |    13 |    22 ||    35
Dodge: Dodged            |   103 |   190 ||   293
